 Dungeon Crawl Stone Soup version 0.18.1-48-g4cf74bf (webtiles) character file.

17644 Joat the Martial Artist (level 12, 0/121 HPs)
             Began as a Mottled Draconian Transmuter on Aug 21, 2016.
             Was a High Priest of Qazlal.
             Slain by a vampire (12 damage)
             ... on level 11 of the Dungeon.
             The game lasted 01:28:26 (14209 turns).

Joat the Martial Artist (DrTm)                     Turns: 14209, Time: 01:28:27

Health: 0/121      AC: 11    Str:  8      XL:     12   Next: 20%
Magic:  11/21      EV: 20    Int: 15 (16) God:    Qazlal [*****.]
Gold:   654        SH:  0    Dex: 16      Spells: 4 memorised, 11 levels left

rFire  . . .     SeeInvis .       - Unarmed
rCold  + + +     Gourm    .     (armour unavailable)
rNeg   . . .     Faith    .     (shield currently unavailable)
rPois  +         Spirit   .     (helmet currently unavailable)
rElec  .         Dismiss  .     (cloak currently unavailable)
rCorr  .         Reflect  .     (gloves currently unavailable)
SustAt .         Harm     .     (boots currently unavailable)
MR     .....                    (no amulet)
Stlth  +.........               s - ring of protection from cold
                                P - ring of protection from fire

@: confused, agile, ice-form, protected from physical damage, contaminated,
glowing, repel missiles, not resistant to hostile enchantments, very unstealthy
A: (breathe sticky flame splash), unfitting armour, (horns 0), clumsy 1,
deterioration 2, dopey 1, (fire resistance 0), weak 2, (cold-blooded), AC +8
a: End Transformation, Upheaval, Elemental Force, Disaster Area, Renounce
Religion


You were on level 11 of the Dungeon.
You worshipped Qazlal.
Qazlal was extremely pleased with you.
You were not hungry.
You were a creature of crystalline ice.
You visited 2 branches of the dungeon, and saw 12 of its levels.

You collected 654 gold pieces.

Inventory:

Hand Weapons
 e - a +0 dagger of venom
 h - a +1 short sword of electrocution
 M - the +4 hand crossbow "Ite Melu" {freeze, rN+ Dex+3}
   (You found it on level 10 of the Dungeon)

   It causes projectiles fired from it to freeze those they strike, causing
   extra injury to most foes and up to half again as much damage against
   particularly susceptible opponents.
   They can also slow down cold-blooded creatures.
   It affects your dexterity (+3).
   It protects you from negative energy.
Missiles
 a - 129 arrows
 q - 4 exploding tomahawks (quivered)
Armour
 f - a +1 buckler
 i - a +2 cloak (melded)
 A - a +2 pair of gloves (melded)
 I - a +2 pair of boots (melded)
Magical Staves
 K - an uncursed staff of cold (melded)
Jewellery
 l - a +3 ring of strength
 n - an uncursed ring of stealth
 s - a ring of protection from cold (right front paw)
 w - an uncursed ring of positive energy
 E - an uncursed ring of sustain attributes
 P - a ring of protection from fire (left front paw)
Wands
 t - a wand of polymorph (7/24)
 C - a wand of confusion (36/48)
 D - a wand of random effects (23/48)
 H - a wand of acid (4/15)
 J - a wand of polymorph (10/24)
 Q - a wand of lightning (5/15)
 R - a wand of polymorph (18/24)
Scrolls
 j - 6 scrolls of remove curse
 k - 3 scrolls of fog
 m - 2 scrolls of recharging
 o - 2 scrolls of random uselessness
 y - 3 scrolls of teleportation
 z - 4 scrolls of identify
 N - a scroll of enchant weapon
 S - a scroll of enchant armour
Potions
 d - 3 potions of curing
 u - a potion of haste
 x - a potion of resistance
 B - a potion of invisibility
 F - 3 potions of magic
 G - a potion of lignification {unknown}
 L - a potion of brilliance {unknown}
Books
 b - a book of Changes

   Spells                             Type                      Level
   a - Beastly Appendage              Transmutation                1
   b - Sticks to Snakes               Transmutation                2
   c - Spider Form                    Transmutation/Poison         3
   d - Ice Form                       Ice/Transmutation            4
   e - Blade Hands                    Transmutation                5
 r - a Necronomicon

   Spells                             Type                      Level
   a - Haunt                          Necromancy/Summoning         7
   b - Borgnjor's Revivification      Necromancy                   8
   c - Death's Door                   Charms/Necromancy            8
   d - Necromutation                  Transmutation/Necromancy     8
 O - a book of Maledictions

   Spells                             Type                      Level
   a - Corona                         Hexes                        1
   b - Ensorcelled Hibernation        Hexes/Ice                    2
   c - Confuse                        Hexes                        3
   d - Tukima's Dance                 Hexes                        3
   e - Dazzling Spray                 Conjuration/Hexes            3
Comestibles
 c - 9 bread rations
 g - 6 royal jellies
 T - a meat ration
 U - 7 chunks of flesh


   Skills:
 + Level 8.1 Fighting
 + Level 8.1 Dodging
 + Level 2.2 Shields
 + Level 10.6 Unarmed Combat
 + Level 6.6 Spellcasting
 + Level 7.8 Transmutations
 - Level 7.0 Ice Magic
 - Level 4.6 Poison Magic


You had 11 spell levels left.
You knew the following spells:

 Your Spells              Type           Power        Failure   Level  Hunger
a - Blade Hands           Trmt           ####......   21%         5    ######.
c - Ice Form              Ice/Trmt       ####....     8%          4    ####...
q - Beastly Appendage     Trmt           ####..       1%          1    None
v - Spider Form           Trmt/Pois      ###.......   3%          3    ##.....


Dungeon Overview and Level Annotations

Branches:
Dungeon (11/15)            Temple (0/1) D:6            Lair (1/8) D:11
    Orc (0/2) D:9

Altars:
Ashenzari
Cheibriados
Elyvilon
Fedhas
Kikubaaqudgha
Makhleb
Nemelex Xobeh
Okawaru
Qazlal
Ru
Trog
Vehumet
Yredelemnul
The Shining One

Shops:
D:10 (*


Innate Abilities, Weirdness & Mutations

((You can spit globs of burning liquid.))
((You can ignite nearby creatures when you spit burning liquid.))
((Your weird mottled scales are hard (AC +8).))
Your body does not fit into most forms of armour.
((You are cold-blooded and may be slowed by cold attacks.))
((You have a pair of small horns on your head.))
You are clumsy. (Dex -2)
Your body often deteriorates upon taking damage.
You are dopey. (Int -2)
((Your flesh is heat resistant.))
You are very weak. (Str -4)


Message History

* * * LOW HITPOINT WARNING * * *
Drink which item? (? for menu, Esc to quit)
Okay, then.
You closely miss something.
Unholy energy fills the air.
* * * LOW HITPOINT WARNING * * *
You closely miss something. Something hits you.
* * * LOW HITPOINT WARNING * * *
You feel more protected from physical attacks.
Something bites you.
* * * LOW HITPOINT WARNING * * *
You hit something. You freeze something. Something hits you.
* * * LOW HITPOINT WARNING * * *
You feel more protected from physical attacks.
Something misses you.
Drink which item? (? for menu, Esc to quit)
You feel better.
You hear some strange, mumbled words.
You are confused.
Something misses you. Something bites you!
You die...

....#####....#[..#...#..§...#....
..).# #....#...#...#......#....
....# #....#...'.(.#......#...)
....# #....#...#.[.#......#....
....# #....#####(..########....
....# #........(...............
....#####......§)................
#.............§§.§........#####'#
#............§..Y.........#..§...
#...........>(§({.........#......
#.........######§.........#......
#.........# #.§..[.....#......
..........# #........).#######
..........# #.[.......)).....(
..........######.[...###.)[).....
#######..........>...# #.........
#.#######......# #........#


There were no monsters in sight!

Vanquished Creatures
  Fannar (D:10)
  Erica (D:11)
  4 hill giants
  2 cyclopes (D:11)
  A centaur zombie (D:11)
  Maurice (D:10)
  A gargoyle (D:11)
  5 trolls
  A queen bee (D:8)
  A two-headed ogre (D:11)
  Grinder (D:3)
  22 yaks
  2 hungry ghosts (D:8)
  Grum (D:8)
  3 hippogriffs (D:11)
  A mottled dragon (D:11)
  2 water moccasins (D:11)
  2 porcupines (Lair:1)
  2 ice beasts
  3 orc warriors
  A phantom (D:9)
  4 wolves (D:8)
  6 ogres
  4 sky beasts
  An eye of draining (D:11)
  A necrophage (D:6)
  3 centaurs
  2 big kobolds
  9 giant frogs
  2 wyvern skeletons (D:11)
  22 killer bees
  3 scorpions
  5 wights
  4 howler monkeys
  8 crimson imps
  5 jellies
  A quasit (D:7)
  8 hounds
  6 orc priests
  18 orc wizards
  A giant frog skeleton (D:9)
  An iguana (D:9)
  15 worker ants
  Terence (D:3)
  A hound skeleton (D:7)
  3 worker ant zombies
  8 gnolls
  A howler monkey skeleton (D:11)
  11 adders
  2 shadow imps
  5 oozes
  A worm (D:2)
  A dart slug (D:6)
  3 giant geckos
  55 orcs
  3 giant cockroaches
  9 goblins
  6 hobgoblins
  11 jackals
  15 kobolds
  7 quokkas
  7 bats
  A giant gecko skeleton (D:6)
  3 giant newts
  A jackal skeleton (D:9)
  A quokka skeleton (D:9)
  7 rats
350 creatures vanquished.

Vanquished Creatures (others)
  A killer bee (D:8)
  4 withered plants (D:9)
5 creatures vanquished.

Grand Total: 355 creatures vanquished

Notes
Turn   | Place    | Note
--------------------------------------------------------------
     0 | D:1      | Joat the Draconian Transmuter began the quest for the Orb.
     0 | D:1      | Reached XP level 1. HP: 16/16 MP: 3/3
   130 | D:1      | Reached XP level 2. HP: 20/23 MP: 5/5
   332 | D:1      | Reached XP level 3. HP: 27/28 MP: 6/6
   342 | D:1      | Learned a level 3 spell: Spider Form
   861 | D:2      | Reached skill level 1 in Poison Magic
  1111 | D:2      | Found a stormy altar of Qazlal.
  1121 | D:2      | Found a shattered altar of Ashenzari.
  1125 | D:2      | Found a white marble altar of Elyvilon.
  1243 | D:2      | Became a worshipper of Qazlal Stormbringer
  1277 | D:3      | Noticed Terence
  1286 | D:3      | Killed Terence
  1286 | D:3      | Reached XP level 4. HP: 24/35 MP: 7/7
  1481 | D:3      | Noticed Grinder
  1673 | D:3      | Paralysed by Grinder for 2 turns
  1691 | D:3      | Killed Grinder
  1691 | D:3      | Reached XP level 5. HP: 4/40 MP: 5/8
  2029 | D:3      | Reached XP level 6. HP: 27/47 MP: 9/9
  2711 | D:3      | Reached skill level 4 in Unarmed Combat
  2986 | D:3      | Reached * piety under Qazlal
  3348 | D:4      | Found a radiant altar of Vehumet.
  3348 | D:4      | Found a burning altar of Makhleb.
  3483 | D:4      | Your scales start taking on a weird mottled colour.
  3483 | D:4      | Reached XP level 7. HP: 55/55 MP: 6/10
  3715 | D:4      | Found a blossoming altar of Fedhas.
  4281 | D:4      | Found an iron altar of Okawaru.
  4283 | D:4      | Found a bloodstained altar of Trog.
  4340 | D:5      | Entered Level 5 of the Dungeon
  4381 | D:5      | Reached skill level 5 in Unarmed Combat
  4388 | D:5      | Learned a level 4 spell: Ice Form
  5311 | D:6      | Reached XP level 8. HP: 53/62 MP: 8/12
  5425 | D:6      | Found a staircase to the Ecumenical Temple.
  5454 | D:6      | Reached ** piety under Qazlal
  5732 | D:6      | Found a snail-covered altar of Cheibriados.
  6364 | D:6      | Reached skill level 6 in Unarmed Combat
  6471 | D:6      | Reached skill level 5 in Dodging
  6503 | D:6      | Gained mutation: You are occasionally teleported next to monsters. [potion of mutation]
  6503 | D:6      | Gained mutation: Your spells are a little easier to cast, but a little less powerful. [potion of mutation]
  6503 | D:6      | Lost mutation: Your spells are a little easier to cast, but a little less powerful. [potion of mutation]
  6541 | D:6      | Lost mutation: You are occasionally teleported next to monsters. [potion of cure mutation]
  6592 | D:7      | Reached skill level 1 in Ice Magic
  6616 | D:7      | Learned a level 5 spell: Blade Hands
  6898 | D:7      | Reached XP level 9. HP: 68/71 MP: 11/14
  6903 | D:7      | Found a glowing golden altar of the Shining One.
  6949 | D:6      | Reached *** piety under Qazlal
  7655 | D:7      | Found a snail-covered altar of Cheibriados.
  7655 | D:7      | Found an ancient bone altar of Kikubaaqudgha.
  7656 | D:7      | Found a sparkling altar of Nemelex Xobeh.
  7684 | D:7      | Found a sacrificial altar of Ru.
  7865 | D:7      | Reached skill level 7 in Unarmed Combat
  8299 | D:8      | Reached skill level 5 in Fighting
  8577 | D:8      | Reached skill level 5 in Transmutations
  9009 | D:7      | Reached skill level 5 in Spellcasting
  9009 | D:7      | Reached XP level 10. HP: 32/81 MP: 5/17
  9363 | D:8      | Gained mutation: You are clumsy. (Dex -2) [mutagenic glow]
  9398 | D:7      | Gained mutation: You are weak. (Str -2) [mutagenic glow]
  9439 | D:7      | Gained mutation: You are dopey. (Int -2) [mutagenic glow]
  9440 | D:7      | Gained mutation: Your flesh is heat resistant. [potion of mutation]
  9440 | D:7      | Gained mutation: You are very dopey. (Int -4) [potion of mutation]
  9472 | D:8      | Noticed Grum
  9495 | D:8      | Killed Grum
  9496 | D:8      | Reached **** piety under Qazlal
  9508 | D:8      | Reached skill level 8 in Unarmed Combat
 10750 | D:9      | Found a staircase to the Orcish Mines.
 10789 | D:9      | Noticed a hill giant
 10833 | D:9      | Killed a hill giant
 10833 | D:9      | Reached skill level 5 in Ice Magic
 10993 | D:9      | Found a basalt altar of Yredelemnul.
 11091 | D:9      | Reached skill level 9 in Unarmed Combat
 11288 | D:9      | Reached ***** piety under Qazlal
 11293 | D:9      | Gained mutation: Your body sometimes deteriorates upon taking damage. [mutagenic meat]
 11295 | D:9      | Gained mutation: You have a pair of small horns on your head. [mutagenic meat]
 11296 | D:9      | Gained mutation: You are very clumsy. (Dex -4) [mutagenic meat]
 11726 | D:10     | Entered Level 10 of the Dungeon
 11726 | D:10     | Found Unicius's Weapon Emporium.
 11795 | D:10     | Noticed Fannar
 11806 | D:10     | Killed Fannar
 11806 | D:10     | Reached XP level 11. HP: 91/91 MP: 14/19
 11924 | D:10     | Noticed Maurice
 11958 | D:10     | Killed Maurice
 12038 | D:10     | Found Ofooqen's Elemental Accessories.
 12266 | D:10     | Got a scorched hand crossbow
 12699 | D:11     | Noticed a hill giant
 12704 | D:11     | Killed a hill giant
 12795 | D:10     | Identified the +4 hand crossbow "Ite Melu" {freeze, rN+ Dex+3} (You found it on level 10 of the Dungeon)
 12912 | D:11     | Found a staircase to the Lair.
 12978 | D:11     | Reached skill level 10 in Unarmed Combat
 13065 | D:11     | Noticed a hill giant
 13073 | D:11     | Killed a hill giant
 13368 | D:11     | Noticed a hill giant
 13376 | D:11     | Killed a hill giant
 13429 | D:11     | Reached skill level 1 in Shields
 13534 | D:11     | Noticed Erica
 13551 | D:11     | Killed Erica
 13551 | D:11     | Reached XP level 12. HP: 77/101 MP: 19/21
 13610 | D:11     | Gained mutation: You are very weak. (Str -4) [mutagenic meat]
 13611 | D:11     | Gained mutation: Your body often deteriorates upon taking damage. [mutagenic meat]
 13613 | D:11     | Lost mutation: You are very dopey. (Int -4) [mutagenic meat]
 13614 | D:11     | Lost mutation: You are very clumsy. (Dex -4) [mutagenic meat]
 14044 | Lair:1   | Entered Level 1 of the Lair of Beasts
 14207 | D:11     | HP: 5/121 [something (6)]
 14209 | D:11     | Slain by a vampire

Skill      XL: |  1  2  3  4  5  6  7  8  9 10 11 12 |
---------------+-------------------------------------+-----
Dodging        | 2 3 4 5 6 7 8 |  8.1
Poison Magic   | 2 3 4 |  4.6
Transmutations | 3 4 5 6 7 |  7.8
Unarmed Combat | 4 5 6 7 9 10 | 10.6
Fighting       | 2 3 5 6 7 8 |  8.1
Spellcasting   | 3 5 6 |  6.6
Ice Magic      | 1 4 5 6 7 |  7.0
Shields        | 1 2 |  2.2

Action                   |  1- 3 |  4- 6 |  7- 9 | 10-12 || total
-------------------------+-------+-------+-------+-------++-------
Melee: Unarmed           |    16 |    30 |   472 |   555 ||  1073
       Dagger            |   104 |    78 |       |       ||   182
       Tailslap          |    16 |    14 |    23 |    23 ||    76
       Short sword       |       |    18 |     6 |       ||    24
       Punch             |       |     2 |     3 |     5 ||    10
       Headbutt          |       |       |       |     7 ||     7
       Staff             |       |       |       |    41 ||    41
 Cast: Spider Form       |       |     4 |    21 |    18 ||    43
       Ice Form          |       |       |     5 |    18 ||    23
       Beastly Appendage |       |       |       |     1 ||     1
       Blade Hands       |       |       |       |     1 ||     1
 Abil: Breathe Sticky Fl |       |       |    16 |     2 ||    18
       End Transformatio |       |       |     2 |     2 ||     4
  Use: Scroll            |       |       |    11 |     4 ||    15
       Potion            |       |       |     4 |    10 ||    14
 Stab: Sleeping          |     1 |     1 |       |       ||     2
  Eat: Chunk             |     1 |     6 |    16 |    28 ||    51
       Pizza             |       |     1 |       |       ||     1
       Meat ration       |       |       |     3 |     1 ||     4
       Royal jelly       |       |       |       |     1 ||     1
Armor: Skin              |    29 |    18 |    98 |    94 ||   239
Dodge: Dodged            |    68 |    65 |   393 |   351 ||   877
       Deflected         |       |       |       |     7 ||     7
Block: Other             |       |       |    72 |   146 ||   218
